 Dungeon Crawl Stone Soup version 0.31.0-32-g396128a36d (webtiles) character file.

Game seed: 1269797267395050572

337382 bearlyready the Executioner (level 21, 0/195 (203) HPs)
             Began as a Hill Orc Berserker on Mar 29, 2024.
             Was the Champion of Trog.
             Killed from afar by a deep elf annihilator (38 damage)
             ... with a bolt of lightning
             ... on level 3 of the Elven Halls.
             The game lasted 01:18:34 (47181 turns).

bearlyready the Executioner (Hill Orc Berserker)   Turns: 47181, Time: 01:18:35

HP:   0/195 (203)   AC: 31    Str: 31    XL:     21   Next: 91%
MP:   21/21         EV: 13    Int:  7    God:    Trog [******]
Gold: 2539          SH:  5    Dex: 18    Spells: 20/20 levels left

rFire   x . .        x - +9 executioner's axe (flame)
rCold   + . .        (shield currently unavailable)
rNeg    . . .        v - +3 plate armour {rPois}
rPois   +            f - +2 helmet
rElec   .            a - +2 cloak
rCorr   .            Y - +0 pair of fencer's gloves {Riposte Dex+3}
SInv    +            P - +1 pair of boots of the Untouchables {rPois Dex+5}
Will    +....        K - amulet of reflection Stlth
                     c - +4 ring of slaying
HPRegen 0.52/turn    j - ring "Gaczeipp" {Ice Slay+3 SInv}
MPRegen 0.17/turn

%: reflection
@: lightly drained
A: no striking features
}: 2/15 runes: barnacled, gossamer
a: Renounce Religion, Berserk, Trog's Hand, Brothers in Arms


You were on level 3 of the Elven Halls.
You worshipped Trog.
Trog was exalted by your worship.
You visited 7 branches of the dungeon, and saw 34 of its levels.
You visited the Abyss 1 time.
You also visited: Bailey, Gauntlet and Ice Cave.

You collected 4100 gold pieces.
You spent 1561 gold pieces at shops.

Inventory:

Hand Weapons
 x - a +9 executioner's axe of flaming (weapon)
Missiles
 k - 11 silver javelins
 r - 8 javelins
 y - 5 throwing nets
 C - 48 boomerangs (quivered)
Armour
 a - a +2 cloak (worn)
 f - a +2 helmet (worn)
 o - the +0 pair of boots of Xouzaep {rF+ Int+3 Dex+4}
   (You found it in a Gauntlet)

   Int+3:     It affects your intelligence (+3).
   Dex+4:     It affects your dexterity (+4).
   rF+:       It protects you from fire.
 v - a +3 plate armour of poison resistance (worn)
 N - a scarf of resistance
 O - the +0 pair of gloves of Wonder {Rampage rCorr Int+3 SInv}
   (You found it on level 4 of the Spider Nest)

   Int+3:     It affects your intelligence (+3).
   SInv:      It lets you see invisible.
   rCorr:     It protects you from acid and corrosion.
   Rampage:   It bestows one free step when moving towards enemies.
 P - the +1 pair of boots of the Untouchables (worn) {rPois Dex+5}
   (You bought it in a shop on level 2 of the Elven Halls)

   Dex+5:     It affects your dexterity (+5).
   rPois:     It protects you from poison
 Y - the +0 pair of fencer's gloves (worn) {Riposte Dex+3}
   (You acquired it on level 2 of the Lair of Beasts)

   Riposte:   It allows the wearer to riposte with melee weapons, swiftly
   retaliating against missed or blocked melee attacks.
   Dex+3:     It affects your dexterity (+3).
Jewellery
 c - a +4 ring of slaying (left hand)
 j - the ring "Gaczeipp" (right hand) {Ice Slay+3 SInv}
   (You found it on level 4 of the Shoals)

   [ring of ice]

   Ice:       It enhances your ice magic.
   Slay+3:    It affects your accuracy & damage with ranged weapons and melee
   (+3).
   rF-:       It makes you vulnerable to fire.
   rC+:       It protects you from cold.
   SInv:      It lets you see invisible.
 K - an amulet of reflection (around neck)
 V - the ring of Dugykhyo {rElec rPois rN+ SInv}
   (You acquired it on level 2 of the Dungeon)

   [ring of see invisible]

   rElec:     It insulates you from electricity.
   rPois:     It protects you from poison rN+: It protects you from negative
   energy.
   SInv:      It lets you see invisible.
Wands
 b - a wand of mindburst (33)
 m - a wand of digging (4)
 D - a wand of light (27)
 E - a wand of paralysis (6)
 F - a wand of polymorph (26)
 Q - a wand of iceblast (13)
 R - a wand of flame (52)
Scrolls
 e - 15 scrolls of teleportation
 g - 4 scrolls of enchant armour
 h - a scroll of enchant weapon
 l - 5 scrolls of butterflies
 p - a scroll of blinking
 q - 2 scrolls of brand weapon
 s - 5 scrolls of silence
 t - 8 scrolls of revelation
 H - 5 scrolls of fog
 X - 2 scrolls of fear
Potions
 d - 2 potions of berserk rage
 u - 5 potions of haste
 w - 3 potions of cancellation
 z - 3 potions of lignification
 A - 5 potions of invisibility
 B - 7 potions of heal wounds
 G - 5 potions of enlightenment
 I - 7 potions of ambrosia
 L - 5 potions of attraction
 M - a potion of resistance
 S - 7 potions of curing
 T - 2 potions of might
 W - 3 potions of mutation
 Z - 3 potions of magic
Miscellaneous
 i - a box of beasts
 n - a lightning rod (4/4)
 J - a phantom mirror (inert)
 U - a condenser vane


   Skills:
 + Level 20.8 Fighting
 + Level 26.5 Axes
 - Level 10.0 Throwing
 + Level 14.6 Armour
 - Level 9.2 Dodging
 + Level 19.5 Evocations


You had 20 spell levels left.
You didn't know any spells.
Your spell library was empty.

Dungeon Overview and Level Annotations

Branches:
Dungeon (15/15)            Temple (1/1) D:4            Lair (5/5) D:9
 Shoals (4/4) Lair:2       Spider (4/4) Lair:2        Slime (0/5) Lair:4
    Orc (2/2) D:11            Elf (3/3) Orc:2        Vaults (0/5) D:13
 Depths (0/4) D:15         Bailey (visited)           IceCv (visited)
Gauntlet (visited)

Altars:
Ashenzari
Cheibriados
Dithmenos
Elyvilon
Fedhas
Gozag
Hepliaklqana
Kikubaaqudgha
Makhleb
Nemelex Xobeh
Okawaru
Qazlal
Ru
Sif Muna
Trog
Uskayaw
Vehumet
Wu Jian
Xom
Yredelemnul
Zin
The Shining One
Beogh
Jiyva

Shops:
D:2 ?   Orc:1 *   Orc:2 =(:[(:   Elf:1 [?   Elf:2 [   Elf:3 [*(:   Shoals:1 (

Annotations:
Shoals:3 Ilsuiw
Elf:2 3 runed translucent doors
Elf:3 2 transporters


Message History

The helpless deep elf zephyrmancer fails to defend itself.
You slice the deep elf zephyrmancer!! You burn the deep elf zephyrmancer!
You kill the deep elf zephyrmancer!
Trog accepts your kill.
Trog appreciates your killing of a magic user.
You now have 2539 gold pieces (gained 33).
Q - a wand of iceblast (13) (gained 4 charges)
Your pack is full.
Things that are here:
a +0 long sword; the ring "Cobbuf" {*Slow rPois MP+9 Str+2} You are no longer corroded.
Things that are here:
a +0 long sword; a +0 long sword You start resting.
A deep elf annihilator comes into view.
It is wielding a +0 rapier of protection.
You start resting.
A deep elf annihilator is nearby!
Aiming: Paralyse
Press: ? - help, Shift-Dir - straight line, f - deep elf annihilator
Aim: a deep elf annihilator, wielding a +0 rapier of protection (chance to affect: 8%)
Okay, then.
Aiming: Phantom Mirror
Press: ? - help, Dir - move target, f - deep elf annihilator
Aim: a deep elf annihilator, wielding a +0 rapier of protection You reflect the deep elf annihilator with the mirror!
The mirror clouds!
Your deep elf annihilator casts a spell at the deep elf annihilator.
The poison arrow misses the deep elf annihilator.
The deep elf annihilator hits your deep elf annihilator with a +0 rapier of protection!
Your deep elf annihilator hits the deep elf annihilator with a +0 rapier of protection!
The deep elf annihilator misses your deep elf annihilator.
Your deep elf annihilator hits the deep elf annihilator with a +0 rapier of protection.
The deep elf annihilator hits your deep elf annihilator with a +0 rapier of protection!
Your deep elf annihilator misses the deep elf annihilator.
The deep elf annihilator barely misses your deep elf annihilator.
Your deep elf annihilator gestures wildly while chanting.
Your deep elf annihilator blinks!
The deep elf annihilator gestures at you while chanting.
The bolt of lightning hits you!!!
You die...

.## ##..$##
..## #[)[##
♣..# ###.##
♣♣.# #).[##
♣.#
##.##[##
♣.#
#..###)##
♣.#
#e###e#[#
♣♣.#
#.##[###.#
♣..# #.#@##
#.# ..##
#e§## #.#
.## ##.##
#.# ##
##..# ## #
#######.#.#
#.........#
#.........#
#.........#
###
#...PPP...#


You could see a deep elf annihilator (ally target) and a friendly deep elf
annihilator (summoned, drained).

Vanquished Creatures
  Bai Suzhen (Elf:3)
  Arachne (Spider:2)
  Jorgrun (Shoals:1)
  A lich (IceCv)
  Zenata (Elf:3)
  Mlioglotl (Shoals:2)
  2 deep elf blademasters (Elf:3)
  An acid blob (Spider:2)
  2 deep elf master archers (Elf:3)
  2 sphinxes (Shoals:4)
  4 tentacled starspawn (Abyss:2)
  Polyphemus (Shoals:3)
  Aizul (Shoals:3)
  The ghost of Tovical the Impaler, an adept MfGl of Nemelex Xobeh (Spider:2)
  Donald (Shoals:2)
  Roxanne (Elf:3)
  5 deep elf sorcerers
  3 emperor scorpions
  2 deep elf elementalists (Elf:3)
  7 ghost moths
  A very ugly thing (IceCv)
  4 deep elf demonologists (Elf:3)
  The ghost of Dungobob the Basher, a journeyman MiFi of Trog (Shoals:2)
  2 deep elf death magi (Elf:3)
  9 deep elf annihilators
  2 eleionomae (Shoals:1)
  A dire elephant (Lair:3)
  2 minotaurs
  3 spark wasps
  A bunyip (Abyss:2)
  A green death (Abyss:2)
  6 merfolk impalers
  6 entropy weavers
  2 deep elf high priests (Elf:3)
  A yaktaur captain (D:15)
  A fire dragon (D:15)
  A spriggan zombie (Abyss:2)
  2 rakshasas
  8 vault guards (D:13)
  An alligator (Lair:3)
  7 hydras
  5 catoblepae
  A jorogumo (Spider:3)
  2 centaur warriors
  5 merfolk avatars
  3 radroaches
  An alligator snapping turtle (Shoals:3)
  9 boulder beetles
  23 dancing weapons
  2 merfolk aquamancers (Shoals:1)
  2 two-headed ogres
  13 death yaks
  12 satyrs
  A deep troll earth mage (D:15)
  5 orc high priests
  A thrashing horror (Abyss:2)
  9 demonic crawlers
  Urug (Lair:1)
  2 tengu warriors
  8 deep elf knights
  Sonja (Lair:2)
  2 wretched stars (Abyss:2)
  Amaemon (Lair:3)
  A sea snake (shapeshifter) (Elf:1)
  5 pharaoh ants
  12 sea snakes
  5 skysharks
  2 orb spiders
  3 bog bodies (IceCv)
  3 spriggan simulacra (IceCv)
  Pikel (D:8)
  An obsidian statue (IceCv)
  11 steelbarb worms
  4 lindwurms (Lair:4)
  A necromancer (IceCv)
  8 orc knights
  13 deep elf archers
  18 deep elf zephyrmancers
  25 harpies
  23 deep elf pyromancers
  A worldbinder (Abyss:2)
  11 ugly things
  9 orc sorcerers
  25 fauns
  3 oklob plants
  15 wolf spiders
  22 manticores
  Maurice (D:8)
  8 cyclopes
  A meliai (shapeshifter) (D:14)
  21 elephants
  7 meliai
  5 water nymphs
  2 moths of wrath
  13 merfolk sirens
  A rust devil (Abyss:2)
  An orange demon (Lair:3)
  7 kobold blastminers (Orc:2)
  An eye of devastation (shapeshifter) (Elf:3)
  A guardian serpent (shapeshifter) (Elf:1)
  7 black mambas
  3 smoke demons (Abyss:2)
  Maggie (Lair:1)
  4 torpor snails
  4 gargoyles
  4 large abominations (Abyss:2)
  9 cane toads
  A minotaur zombie (Gauntlet)
  2 efreet
  2 ice devils (IceCv)
  18 komodo dragons
  3 unseen horrors
  A kobold demonologist (D:10)
  A komodo dragon (shapeshifter) (Elf:1)
  A yaktaur (D:15)
  18 freezing wraiths
  4 rime drakes
  An anaconda simulacrum (IceCv)
  17 merfolk
  3 polar bears (Lair:3)
  A wolf spider simulacrum (Gauntlet)
  9 wind drakes
  4 trolls
  4 alligator simulacra (IceCv)
  A queen bee (Gauntlet)
  4 blink frogs (Lair:2)
  A hornet (Lair:3)
  9 tarantellas
  3 dream sheep (Shoals:1)
  13 snapping turtles
  8 jumping spiders
  4 air elementals
  10 slime creatures
  14 culicivoras
  20 water elementals
  A centaur simulacrum (Gauntlet)
  A vampire (D:12)
  A spriggan (shapeshifter) (D:13)
  8 basilisks
  7 dire elephant simulacra (IceCv)
  2 ynoxinuls (Abyss:2)
  67 yaks
  A human (shapeshifter) (Elf:2)
  2 wraiths
  2 fire elementals (Elf:1)
  Eustachio (D:5)
  Grum (D:8)
  4 wyverns
  41 redbacks
  A neqoxec (Abyss:2)
  A warg (Orc:2)
  A minotaur simulacrum (IceCv)
  8 vampire mosquitoes
  5 steam dragons
  3 harpy simulacra
  A redback simulacrum (Gauntlet)
  6 acid dragons (Spider:2)
  20 water moccasins
  3 hydra simulacra (IceCv)
  2 black bears
  An ice beast (D:7)
  22 orc warriors
  A meliai simulacrum (Gauntlet)
  2 ettin simulacra (IceCv)
  7 ogres
  2 small abominations (Abyss:2)
  15 wolves
  16 centaurs
  2 phantoms (D:6)
  2 gnoll sergeants
  8 scorpions
  14 bullfrogs
  7 earth elementals
  3 wights (D:7)
  A hornet simulacrum (D:15)
  2 lindwurm simulacra (IceCv)
  23 killer bees
  4 howler monkeys
  3 bombardier beetles
  A howler monkey (shapeshifter) (Elf:1)
  4 electric eels
  6 jellies
  A quasit (Abyss:2)
  18 orc priests
  2 hounds
  A sleepcap (D:4)
  2 gnoll boudas
  10 iguanas
  40 orc wizards
  A hell rat (Lair:3)
  27 gnolls
  5 adders
  2 shadow imps
  A white imp (D:6)
  2 ufetubi (Abyss:2)
  4 dart slugs
  86 orcs
  4 ball pythons
  7 bats
  9 endoplasms
  4 giant cockroaches
  18 goblins
  9 hobgoblins
  3 jackals (D:4)
  27 kobolds
  4 quokkas
  9 frilled lizards
  A goblin skeleton (D:6)
  A goblin zombie (D:6)
  3 hobgoblin zombies (D:6)
  A kobold skeleton (D:6)
  An orc skeleton (D:6)
  3 orc zombies (D:6)
  4 rats
  2 starspawn tentacles (Abyss:2)
1358 creatures vanquished.

Vanquished Creatures (collateral kills)
  A deep elf elementalist (Elf:3)
  A deep elf demonologist (Elf:3)
  2 deep elf death magi (Elf:3)
  2 deep elf annihilators (Elf:3)
  A minotaur (Shoals:4)
  A sea snake (Shoals:4)
  A faun (Shoals:4)
  A merfolk (Shoals:4)
  A basilisk (shapeshifter) (Elf:3)
  2 vampire mosquitoes (D:14)
13 creatures vanquished.

Vanquished Creatures (others)
  2 deep elf zephyrmancers (Elf:1)
  A water elemental (Elf:1)
  A slime creature (D:14)
  A kobold brigand (D:7)
  An orc wizard (D:5)
  A goblin (Bailey)
  2 starspawn tentacles (Abyss:2)
9 creatures vanquished.

Grand Total: 1380 creatures vanquished

Notes
Turn   | Place    | Note
-------+----------+-------------------------------------------
     0 | D:1      | bearlyready the Hill Orc Berserker began the quest for the
                  | Orb.
     0 | D:1      | Reached XP level 1. HP: 19/19 MP: 1/1
    61 | D:1      | Reached XP level 2. HP: 11/26 MP: 2/2
   171 | D:1      | Reached skill level 5 in Axes
   191 | D:1      | Reached XP level 3. HP: 30/31 MP: 3/3
   902 | D:2      | Reached skill level 6 in Axes
   907 | D:2      | Found a faded altar of an unknown god.
  1163 | D:2      | Found Laist's Magic Scroll Shop.
  1166 | D:2      | Bought a scroll of teleportation for 30 gold pieces
  1166 | D:2      | Bought a scroll of identify for 20 gold pieces
  1193 | D:2      | Reached ** piety under Trog
  1661 | D:3      | Reached XP level 4. HP: 39/39 MP: 4/4
  1821 | D:3      | Noticed a scorpion
  1827 | D:3      | Killed a scorpion
  1828 | D:3      | Reached skill level 7 in Axes
  1828 | D:3      | Reached XP level 5. HP: 45/45 MP: 5/5
  2016 | D:3      | Reached skill level 8 in Axes
  2396 | D:3      | Found an opulent altar of Gozag.
  2851 | D:4      | Reached *** piety under Trog
  2884 | D:4      | Found a staircase to the Ecumenical Temple.
  2921 | D:4      | Reached XP level 6. HP: 47/51 MP: 6/6
  2955 | Temple   | Entered the Ecumenical Temple
  3129 | D:4      | Reached skill level 9 in Axes
  3157 | D:4      | Found a hide-covered altar of Uskayaw.
  3616 | D:4      | Reached skill level 1 in Evocations
  3616 | D:4      | Reached XP level 7. HP: 27/57 MP: 7/7
  3859 | D:4      | Reached skill level 10 in Axes
  4248 | D:5      | Entered Level 5 of the Dungeon
  4268 | D:5      | Noticed Eustachio
  4313 | D:5      | Killed Eustachio
  4350 | D:5      | Reached skill level 11 in Axes
  4350 | D:5      | Reached XP level 8. HP: 64/64 MP: 8/8
  5295 | D:6      | Found an iron altar of Okawaru.
  5304 | D:6      | Found a stormy altar of Qazlal.
  5324 | D:6      | Reached skill level 5 in Evocations
  5326 | D:6      | Reached skill level 12 in Axes
  5521 | D:6      | Reached **** piety under Trog
  5711 | D:6      | Found a blossoming altar of Fedhas.
  5910 | D:6      | Reached XP level 9. HP: 53/70 MP: 9/9
  6027 | D:6      | Found a glowing golden altar of the Shining One.
  6289 | D:7      | Reached skill level 13 in Axes
  6659 | D:7      | Reached skill level 1 in Throwing
  6938 | D:7      | Reached skill level 14 in Axes
  7231 | D:8      | Noticed Pikel
  7244 | D:8      | Killed Pikel
  7245 | D:8      | Reached XP level 10. HP: 77/77 MP: 10/10
  7467 | D:8      | Noticed Maurice
  7470 | D:8      | Maurice stole 19 poisoned darts
  7478 | D:8      | Something stole a +0 hand axe
  7480 | D:8      | Something stole an amulet of magic regeneration
  7482 | D:8      | Killed Maurice
  7627 | D:8      | Noticed Grum
  7639 | D:8      | Killed Grum
  8391 | D:9      | Reached skill level 15 in Axes
  8675 | D:9      | Found Zin's Purification Station.
  8680 | D:9      | Found a glowing silver altar of Zin.
  8696 | D:9      | Bought a potion of curing for 90 gold pieces
  8733 | D:9      | Found a radiant altar of Vehumet.
  9184 | D:9      | Found a staircase to the Lair.
  9221 | D:9      | Reached ***** piety under Trog
  9624 | D:10     | Entered Level 10 of the Dungeon
  9638 | D:10     | Reached skill level 5 in Throwing
  9689 | D:10     | Found a flagged portal.
  9689 | D:10     | Noticed a gargoyle
  9698 | D:10     | Killed a gargoyle
  9699 | D:10     | Reached XP level 11. HP: 76/82 MP: 11/11
  9706 | Bailey   | Entered a bailey
 10314 | Bailey   | Identified the +3 hand axe of the Undead {flame, rN++}
 10315 | Bailey   | Found the +7 hand cannon "Mule" {flame, backblast, rF+}
 10718 | D:10     | Reached skill level 10 in Evocations
 11210 | D:10     | Reached skill level 16 in Axes
 11436 | D:10     | Found a sparkling altar of Nemelex Xobeh.
 11526 | D:10     | Received a gift from Trog
 12131 | D:11     | Found a staircase to the Orcish Mines.
 12883 | D:12     | Noticed a manticore
 12896 | D:12     | Killed a manticore
 13094 | D:12     | Noticed a brown ugly thing
 13101 | D:12     | Killed a brown ugly thing
 13133 | D:12     | Noticed a tengu warrior
 13146 | D:12     | Killed a tengu warrior
 13410 | D:12     | Found a roughly hewn altar of Beogh.
 13415 | D:12     | Reached skill level 17 in Axes
 13415 | D:12     | Reached XP level 12. HP: 66/92 MP: 12/12
 13807 | D:12     | Reached skill level 5 in Fighting
 14358 | D:13     | Noticed a two-headed ogre
 14363 | D:13     | Noticed a vault guard
 14365 | D:13     | Killed a two-headed ogre
 14542 | D:13     | Noticed a vault guard
 14547 | D:13     | Killed a vault guard
 14552 | D:13     | Killed a vault guard
 14737 | D:13     | Noticed a boulder beetle
 14740 | D:13     | Noticed a vault guard
 14742 | D:13     | Killed a boulder beetle
 14743 | D:13     | Reached skill level 18 in Axes
 14744 | D:13     | Noticed a tengu warrior
 14747 | D:13     | Killed a vault guard
 14755 | D:13     | Killed a tengu warrior
 14817 | D:13     | Noticed a vault guard
 14966 | D:13     | Noticed a vault guard
 14973 | D:13     | Killed a vault guard
 14989 | D:13     | Killed a vault guard
 15097 | D:13     | Noticed a vault guard
 15107 | D:13     | Killed a vault guard
 15108 | D:13     | Reached XP level 13. HP: 108/108 MP: 13/13
 15210 | D:13     | Noticed a vault guard
 15514 | D:13     | Noticed a vault guard
 15530 | D:13     | Killed a vault guard
 15562 | D:13     | Killed a vault guard
 15657 | D:13     | Found a gate to the Vaults.
 16797 | D:14     | Reached skill level 10 in Fighting
 17072 | D:14     | Reached skill level 19 in Axes
 17083 | D:14     | Received a gift from Trog
 17515 | D:15     | Entered Level 15 of the Dungeon
 17998 | Orc:1    | Entered Level 1 of the Orcish Mines
 18517 | Orc:1    | Found Gewuh's Assorted Antiques.
 18723 | Orc:1    | Found a roughly hewn altar of Beogh.
 18761 | Orc:2    | Entered Level 2 of the Orcish Mines
 18761 | Orc:2    | Found a staircase to the Elven Halls.
 18779 | Orc:2    | Paralysed by an orc sorcerer for 2 turns
 18781 | Orc:2    | HP: 3/104 [cyclops/large rock (37)]
 19296 | D:2      | Bought a scroll of fear for 40 gold pieces
 19296 | D:2      | Bought a scroll of acquirement for 520 gold pieces
 19298 | D:2      | Acquired the ring of Dugykhyo {rElec rPois rN+ SInv}
 19481 | Lair:1   | Entered Level 1 of the Lair of Beasts
 19890 | Lair:1   | Identified the +5 ring mail "Mafanuej" {rCorr Str-3 Int+2
                  | Dex+4}
 19957 | Lair:1   | Reached XP level 14. HP: 103/125 MP: 4/14
 20352 | Lair:1   | Noticed Maggie
 20361 | Lair:1   | Killed Maggie
 20500 | Lair:1   | Noticed Urug
 20514 | Lair:1   | Killed Urug
 20782 | Lair:2   | Reached skill level 5 in Armour
 20791 | Lair:2   | Acquired the +0 pair of fencer's gloves {Riposte Dex+3}
 20791 | Lair:2   | Found the +0 pair of fencer's gloves {Riposte Dex+3}
 20833 | Lair:2   | Received a gift from Trog
 20899 | Lair:2   | Identified the +0 chain mail of the Shore {Str+6}
 20903 | Lair:2   | Noticed Sonja
 20914 | Lair:2   | Found a gate leading to a gauntlet.
 20924 | Gauntlet | Entered a Gauntlet
 20924 | Gauntlet | Found a transporter.
 20924 | Gauntlet | Found a transporter.
 21076 | Gauntlet | Found a transporter.
 21091 | Gauntlet | Found a transporter.
 21093 | Gauntlet | Found a large runed translucent door.
 21094 | Gauntlet | Found a large runed translucent door.
 21095 | Gauntlet | Found a large runed translucent door.
 21095 | Gauntlet | Found a large runed translucent door.
 21105 | Gauntlet | Found a transporter.
 21118 | Gauntlet | Found a transporter.
 21134 | Gauntlet | Found a transporter.
 21148 | Gauntlet | Found a large runed translucent door.
 21202 | Gauntlet | Found a transporter.
 21216 | Gauntlet | Found a transporter.
 21232 | Gauntlet | Found a transporter.
 21244 | Gauntlet | Found a transporter.
 21260 | Gauntlet | Found a transporter.
 21327 | Gauntlet | Found a transporter.
 21329 | Gauntlet | Found a large runed translucent door.
 21345 | Gauntlet | Found a transporter.
 21360 | Gauntlet | Found a runed translucent door.
 21360 | Gauntlet | Found a runed translucent door.
 21361 | Gauntlet | Found a large runed translucent door.
 21362 | Gauntlet | Found a large runed translucent door.
 21363 | Gauntlet | Found a large runed translucent door.
 21387 | Gauntlet | Identified the +0 pair of boots of the Sparrow {Will+
                  | Dex+3}
 21418 | Gauntlet | Found a runed translucent gate.
 21419 | Gauntlet | Found a transporter.
 21419 | Gauntlet | Found a runed translucent gate.
 21420 | Gauntlet | Found a runed translucent gate.
 21451 | Gauntlet | Identified the +0 pair of boots of Xouzaep {rF+ Int+3
                  | Dex+4}
 21603 | Lair:2   | Reached skill level 20 in Axes
 21620 | Lair:2   | Killed Sonja
 21833 | Lair:2   | Found a staircase to the Shoals.
 21980 | Lair:2   | Found a blossoming altar of Fedhas.
 22130 | Lair:2   | Found a hole to the Spider Nest.
 22996 | Lair:3   | Reached skill level 5 in Dodging
 23018 | Lair:3   | Identified the +2 leather armour "Jomo" {rN+ rCorr}
 23275 | Lair:3   | Noticed Amaemon
 23292 | Lair:3   | Killed Amaemon
 23373 | Lair:3   | Noticed a dire elephant
 23388 | Lair:3   | Killed a dire elephant
 23389 | Lair:3   | Reached XP level 15. HP: 139/139 MP: 15/15
 23671 | Lair:4   | Found a viscous altar of Jiyva.
 23672 | Lair:4   | Found a staircase to the Slime Pits.
 23737 | Lair:4   | Reached ****** piety under Trog
 23968 | Lair:4   | Identified the ring "Diplal" {*Slow rN+++ Str+6 Int-3
                  | Stlth+}
 24040 | Lair:5   | Entered Level 5 of the Lair of Beasts
 24044 | Lair:5   | Reached skill level 15 in Fighting
 24239 | Lair:5   | Received a gift from Trog
 24782 | Lair:5   | Reached skill level 21 in Axes
 24782 | Lair:5   | Reached skill level 15 in Evocations
 26098 | Orc:2    | Reached XP level 16. HP: 142/152 MP: 16/16
 26448 | Orc:2    | Found Zaloyroi's Weapon Shop.
 26470 | Orc:2    | Identified the +8 great sword "Wishiag" {flame, *Rage rPois
                  | rN+++ SInv} (Trog gifted it to you on level 2 of the Orcish
                  | Mines)
 26470 | Orc:2    | Received a gift from Trog
 26471 | Orc:2    | Found Acab Uro's Book Emporium.
 26717 | Orc:2    | Found Vuuvvir's Antique Armour Boutique.
 26772 | Orc:2    | Paralysed by an orc sorcerer for 5 turns
 27050 | Orc:2    | Found Vizxah's Jewellery Emporium.
 27059 | Orc:2    | Found Jehic's Antique Weapon Emporium.
 27068 | Orc:2    | Found Inkoumpunt's Book Boutique.
 28060 | D:15     | Found a broken altar of Ashenzari.
 28306 | D:15     | Found a staircase to the Depths.
 28311 | D:15     | Reached skill level 10 in Armour
 28894 | Shoals:1 | Entered Level 1 of the Shoals
 28957 | Shoals:1 | Noticed Jorgrun
 28970 | Shoals:1 | Killed Jorgrun
 29149 | Shoals:1 | Identified the ring "Isiarhub" {rPois Str+3 Int+4 Stlth-}
 29220 | Shoals:1 | Found Were's Weapon Shop.
 29229 | Shoals:1 | Received a gift from Trog
 30056 | Shoals:1 | Reached skill level 22 in Axes
 30066 | Shoals:1 | Reached XP level 17. HP: 114/162 MP: 17/17
 30295 | Shoals:1 | Identified the +2 quarterstaff of Duty {freeze, rElec Int+3
                  | Dex-4}
 30544 | Shoals:1 | Received a gift from Trog
 31734 | Shoals:2 | Noticed Donald
 31758 | Shoals:2 | Killed Donald
 32139 | Shoals:2 | Identified the +0 chain mail of Plasticity {rPois Str+4
                  | Stlth+}
 32292 | Shoals:2 | You fall into a shaft and drop 1 floor!
 32689 | Shoals:3 | Identified the serpent talisman "Kudets" {rElec Will-
                  | Dex+4}
 32689 | Shoals:3 | Noticed Aizul
 32934 | Shoals:2 | Noticed Mlioglotl
 32944 | Shoals:2 | Killed Mlioglotl
 32944 | Shoals:2 | Received a gift from Trog
 33156 | Shoals:2 | Found a runed translucent gate.
 33156 | Shoals:2 | Found a runed translucent gate.
 33156 | Shoals:2 | Found a runed translucent gate.
 33156 | Shoals:2 | Noticed Dungobob's ghost (journeyman MiFi)
 33167 | Shoals:2 | Killed Dungobob's ghost
 33171 | Shoals:2 | Identified the +10 morningstar of Strategic Superiority
                  | {protect, SInv}
 33720 | Shoals:3 | Noticed Polyphemus
 33746 | Shoals:3 | Killed Polyphemus
 33748 | Shoals:3 | Noticed Ilsuiw
 34165 | Shoals:3 | Killed Aizul
 34563 | Shoals:4 | Entered Level 4 of the Shoals
 35125 | Shoals:4 | Reached XP level 18. HP: 160/173 MP: 18/18
 35481 | Shoals:4 | Reached skill level 23 in Axes
 35563 | Shoals:4 | Received a gift from Trog
 35743 | Shoals:4 | Got a barnacled rune of Zot
 35775 | Shoals:4 | Found the +9 sword of Power {lifebolt}
 36534 | Shoals:4 | Identified the ring "Gaczeipp" {Ice Slay+3 SInv}
 36691 | Spider:1 | Entered Level 1 of the Spider Nest
 36837 | Spider:1 | Found a glacial archway.
 36848 | IceCv    | Entered an ice cave
 37109 | IceCv    | Identified the +2 battleaxe of Ravage {flame, ^Drain Str+2
                  | Dex+6} (Trog gifted it to you in an ice cave)
 37109 | IceCv    | Received a gift from Trog
 37119 | IceCv    | Noticed a lich
 37130 | IceCv    | Killed a lich
 37179 | IceCv    | Identified the +1 hand axe of the Freezing Ancients {flame,
                  | *Slow rElec rPois}
 37190 | IceCv    | Identified the ring "Hut Qusu" {rPois rN+ Int+3 Dex-3}
 37243 | IceCv    | Found an ancient bone altar of Kikubaaqudgha.
 37938 | Spider:1 | Identified the +9 scimitar of the Throat {heavy, rPois}
                  | (Trog gifted it to you on level 1 of the Spider Nest)
 37938 | Spider:1 | Received a gift from Trog
 38480 | Spider:2 | Found a runed translucent gate.
 38480 | Spider:2 | Found a runed translucent gate.
 38480 | Spider:2 | Found a runed translucent gate.
 38481 | Spider:2 | Noticed Tovical's ghost (adept MfGl)
 38490 | Spider:2 | Killed Tovical's ghost
 38491 | Spider:2 | Reached skill level 24 in Axes
 38637 | Spider:2 | Reached XP level 19. HP: 160/182 MP: 19/19
 39164 | Spider:2 | Noticed Arachne
 39174 | Spider:2 | Killed Arachne
 40260 | Spider:3 | Received a gift from Trog
 40437 | Spider:4 | Entered Level 4 of the Spider Nest
 40443 | Spider:4 | Reached skill level 10 in Throwing
 41951 | Spider:4 | Identified the +1 pair of gloves "Juvom" {Str+2}
 41968 | Spider:4 | Got a gossamer rune of Zot
 41970 | Spider:4 | Reached skill level 25 in Axes
 41970 | Spider:4 | Reached XP level 20. HP: 191/191 MP: 20/20
 41978 | Spider:4 | Identified the +0 pair of gloves of Wonder {Rampage rCorr
                  | Int+3 SInv}
 42270 | Elf:1    | Entered Level 1 of the Elven Halls
 42314 | Elf:1    | You fall into a shaft and drop 1 floor!
 42615 | Elf:1    | Received a gift from Trog
 43249 | Elf:1    | Reached XP level 21. HP: 148/200 MP: 21/21
 43669 | Elf:1    | Found Xohexov's Antique Armour Boutique.
 43712 | Elf:1    | Paralysed by an air elemental for 1 turns
 44027 | Elf:1    | Found Mehimaot's Magic Scroll Shop.
 44030 | Elf:1    | Bought a scroll of teleportation for 45 gold pieces
 44030 | Elf:1    | Bought a scroll of fog for 60 gold pieces
 44030 | Elf:1    | Bought a scroll of fear for 60 gold pieces
 44030 | Elf:1    | Bought a scroll of teleportation for 45 gold pieces
 44030 | Elf:1    | Bought a scroll of revelation for 112 gold pieces
 44030 | Elf:1    | Bought a scroll of enchant armour for 112 gold pieces
 44268 | Elf:2    | Identified the +2 robe "Fofee" {rF+ rC+}
 44471 | Elf:2    | Found a runed translucent gate.
 44472 | Elf:2    | Found a runed translucent gate.
 44472 | Elf:2    | Found a runed translucent gate.
 44557 | Elf:2    | Found Icwuilim's Antique Armour Boutique.
 44734 | Elf:2    | Bought a pair of masterwork boots for 275 gold pieces
 44734 | Elf:2    | Identified the +1 pair of boots of the Untouchables {rPois
                  | Dex+5} (You bought it in a shop on level 2 of the Elven
                  | Halls)
 44841 | Elf:3    | Entered Level 3 of the Elven Halls
 44846 | Elf:3    | Found Otaf's Weapon Emporium.
 44849 | Elf:3    | Found Zuduots's General Store.
 44851 | Elf:3    | Found Qon Ercho's Antique Armour Emporium.
 44853 | Elf:3    | Noticed Bai Suzhen
 44867 | Elf:3    | Killed Bai Suzhen
 44881 | Elf:3    | Bought a potion of mutation for 152 gold pieces
 45010 | Elf:3    | Noticed Zenata
 45024 | Elf:3    | Killed Zenata
 45171 | Elf:3    | Found a transporter.
 45172 | Elf:3    | Found Ytzoa's Book Emporium.
 45194 | Elf:3    | Noticed Roxanne
 45211 | Elf:3    | Received a gift from Trog
 45215 | Elf:3    | Killed Roxanne
 45383 | Elf:3    | Found a transporter.
 45443 | Elf:3    | Reached skill level 26 in Axes
 46243 | Elf:3    | Identified the +1 long sword of the Hawk {venom, Stlth+}
 46401 | Elf:3    | Identified the amulet "Senotiul" {Faith rElec Stlth+}
 46412 | Elf:3    | Identified the ring "Cobbuf" {*Slow rPois MP+9 Str+2}
 46419 | Abyss:2  | Found a corrupted altar of Lugonu.
 46419 | Abyss:2  | Cast into level 2 of the Abyss (a deep elf sorcerer)
 46977 | Abyss:2  | Received a gift from Trog
 47135 | Elf:3    | Escaped the Abyss
 47181 | Elf:3    | Killed from afar by a deep elf annihilator

Illustrated notes

Levels and vault maps discovered:
D:1:      dpeg_arrival_arbitrary_c, layout_loops_ring
D:2:      layout_basic, serial_shops, nicolae_shop_rolled_up,
          dreamdust_ecumenical_altar_angels_and_demons, minmay_lizard_pond
D:3:      minmay_wonky_spiral, layout_basic, lemuel_tele_altar,
          item_on_display_a
D:4:      layout_loops_cross, kennysheep_mini_moat,
          minmay_temple_entry_mini_moons, serial_forest,
          infiniplex_forest_end_1, infiniplex_forest_lined_3,
          infiniplex_forest_straight_4, infiniplex_forest_lined_corner,
          infiniplex_forest_end_2, infiniplex_forest_lined_3_way,
          infiniplex_forest_lined_ring, minmay_divided_ellipse
D:5:      layout_loops_ring, uniq_eustachio
D:6:      layout_loops_ring, grunt_qazlal_sundering, fedhas_ov_isle_minmay,
          okawaru_ov_weapons_minmay, nicolae_tso_besieged_by_evil,
          minmay_circle_x
D:7:      minmay_octagon_keep, layout_cave_pools
D:8:      layout_basic, serial_glass, glass_columns_c, glass_columns_b,
          item_on_display_a, minmay_strange_pillars, unseen_surprise_small,
          uniq_pikel, uniq_grum, uniq_maurice
D:9:      layout_stronghold, zin_purify, fiery_altar_vehumet,
          david_lair_shrubbed
D:10:     layout_long_grid, nemelex_xobeh_ov_fountains_minmay, enter_bailey_5
D:11:     layout_loops_ring, david_orc_2
D:12:     layout_roguey, special_room [special_room_orc]
D:13:     layout_cave_pools, erik_vaults_2
D:14:     layout_cross
D:15:     hellmonk_depths_entry_around_the_bend, layout_layer_cave,
          serial_bayou_shore_a, evilmike_ruin_ashenzari
Temple:   nicolae_temple_figure_eight
Lair:1:   layout_chaotic_city, infiniplex_staircase_pool, uniq_maggie, uniq_urug
Lair:2:   layout_gridlike, minmay_shoals_entry_hut,
          hellmonk_spider_entry_not_the_bees, gauntlet_entry_generic,
          minmay_stone_trees_medium, hangedman_tree_tricks, grunt_megastairs_3,
          uniq_sonja
Lair:3:   layout_roguey, nicolae_lair_lakeside_cave, uniq_amaemon
Lair:4:   layout_cave_pods, nicolae_slime_entry_slimehenge, minmay_lindwurm_lava
Lair:5:   evilmike_catoblepas_cave, layout_gridlike, grunt_megastairs_4
Shoals:1: layout_shoals, serial_shops, shop, nicolae_shoals_enchanted_isle,
          uniq_jorgrun
Shoals:2: layout_shoals, ebering_ghost_rock_garden, uniq_donald, uniq_mlioglotl
Shoals:3: layout_shoals, uniq_polyphemus, uniq_ilsuiw, uniq_aizul
Shoals:4: shoals_end_hellmonk_lost_city
Spider:1: layout_cave_pods, portal_ice_cave_entry_pillars_three
Spider:2: layout_spider_delve, ebering_ghost_rock_garden,
          nicolae_spider_acid_house, uniq_arachne
Spider:3: layout_cave_pods
Spider:4: hellmonk_spider_rune_bug_friends, drop_trap
Orc:1:    layout_caves, basic_altar, serial_shops, nicolae_shop_real_fake_doors
Orc:2:    st_orc_elflike, layout_caves, guppyfry_orc_lava_fort
Elf:1:    minmay_the_grid_3x2 [minmay_the_grid_medium_cups,
          minmay_the_grid_rooms, minmay_the_grid_minigrid_small_alt,
          minmay_the_grid_empty, minmay_the_grid_outer_diamond,
          minmay_the_grid_prize_four_corners], layout_geoelf_octagon,
          serial_shops, shop, nicolae_shop_rolled_up, minmay_elf_annihilation
Elf:2:    nicolae_elf_blades_crystal_corner, layout_gridlike, serial_shops,
          nicolae_shop_peninsula, uniq_agnes
Elf:3:    grunt_elf_hall_asides, layout_geoelf_grid, serial_shops,
          nicolae_shop_drivethru, minmay_shop_star, uniq_zenata, uniq_roxanne,
          uniq_bai_suzhen

Skill      XL: |  1  2  3  4  5  6  7  8  9 10 11 12 13 14 15 16 17 18 19 20 21 |
---------------+----------------------------------------------------------------+-----
Axes           | 5 6 7 8 9 11 12 14 15 17 18 19 20 21 22 24 25 26 | 26.5
Evocations     | 1 3 6 8 9 11 12 13 14 15 16 17 18 19 | 19.5
Throwing       | 3 5 7 9 10 | 10.0
Fighting       | 4 8 11 14 16 17 18 19 20 | 20.8
Dodging        | 3 5 6 8 9 |  9.2
Armour         | 4 7 9 10 12 13 14 | 14.6

Action                     |  1- 3 |  4- 6 |  7- 9 | 10-12 | 13-15 | 16-18 | 19-21 || total
---------------------------+-------+-------+-------+-------+-------+-------+-------++-------
  Melee: Hand axe          |    66 |       |       |       |       |       |       ||    66
         Punch             |     2 |     1 |       |     4 |       |       |       ||     7
         War axe           |    13 |   108 |   268 |    41 |       |       |       ||   430
         Unarmed           |       |       |     9 |       |       |       |     6 ||    15
         Broad axe         |       |       |       |   262 |       |       |       ||   262
         Battleaxe         |       |       |       |   115 |   631 |   572 |       ||  1318
         Executioner's axe |       |       |       |       |       |   207 |   515 ||   722
  Throw: Dart              |       |       |       |    15 |    28 |     7 |       ||    50
         Boomerang         |       |       |       |       |    12 |    81 |    32 ||   125
         Javelin           |       |       |       |       |       |     8 |     7 ||    15
         Throwing net      |       |       |       |       |       |     5 |       ||     5
 Invoke: Berserk           |     1 |     3 |     8 |    15 |    13 |     8 |       ||    48
         Brothers in Arms  |       |       |       |       |     1 |     1 |       ||     2
  Evoke: Wand              |       |       |     1 |     2 |    14 |    45 |    22 ||    84
         Condenser vane    |       |       |       |       |     1 |     4 |     2 ||     7
         Phantom mirror    |       |       |       |       |       |     2 |     2 ||     4
         Lightning rod     |       |       |       |       |       |     4 |     2 ||     6
         Box of beasts     |       |       |       |       |       |       |     1 ||     1
    Use: Scroll            |       |       |     1 |    10 |    14 |    16 |     6 ||    47
         Potion            |       |       |       |       |     3 |     5 |     2 ||    10
   Stab: Paralysed         |       |       |       |     3 |     4 |       |     6 ||    13
         Held in net/web   |       |       |       |       |       |     2 |       ||     2
         Distracted        |       |       |       |       |       |       |     1 ||     1
 Armour: Animal skin       |    33 |       |       |       |       |       |       ||    33
         Ring mail         |    13 |    81 |   184 |   370 |   192 |       |       ||   840
         Skin              |       |       |     9 |       |       |       |       ||     9
         Chain mail        |       |       |       |       |   225 |   612 |       ||   837
         Steam dragon scal |       |       |       |       |    57 |       |       ||    57
         Plate armour      |       |       |       |       |       |    75 |   454 ||   529
  Dodge: Dodged            |    57 |    60 |   132 |   205 |   267 |   395 |   202 ||  1318
  Block: Other             |       |       |    22 |    76 |   101 |   136 |    84 ||   419
         Reflection        |       |       |     3 |    11 |     3 |    16 |    13 ||    46
Riposte: Battleaxe         |       |       |       |       |    59 |    77 |       ||   136
         Executioner's axe |       |       |       |       |       |    35 |    54 ||    89
